 Dungeon Crawl Stone Soup version 0.31-a0-692-gf03d1854d5 (webtiles) character file.

Game seed: 11903067136209465755

381 qw the Shooter (level 6, -4/38 HPs)
             Began as a Gargoyle Hunter on Sept 6, 2023.
             Slain by an ogre
             ... wielding a +0 giant club
              (10 damage)
             ... on level 4 of the Dungeon.
             The game lasted 00:01:13 (2644 turns).

qw the Shooter (Gargoyle Hunter)                    Turns: 2644, Time: 00:01:13

Health: -4/38      AC: 10    Str: 14    XL:     6   Next: 75%
Magic:  6/6        EV: 11    Int: 10    God:
Gold:   44         SH:  5    Dex: 15    Spells: 5/5 levels left

rFire   . . .        Y - +1 shortbow
rCold   . . .        (shield currently unavailable)
rNeg    + . .        h - +0 ring mail
rPois   inf          (no helmet)
rElec   +            (no cloak)
rCorr   .            (no gloves)
SInv    .            e - +0 pair of boots
Will    .....        g - amulet of reflection
Stlth   +            (no ring)
HPRegen 0.26/turn    (no ring)
MPRegen 0.10/turn

%: reflection
@: about to teleport
A: sickness immunity, AC +4, negative energy resistance 1, electricity
resistance, torment resistance 1, petrification resistance
a: no special abilities


You were on level 4 of the Dungeon.
You visited 1 branch of the dungeon, and saw 4 of its levels.

You collected 209 gold pieces.
You spent 165 gold pieces at shops.


Innate Abilities, Weirdness & Mutations

You are immune to sickness and miasma.
Your stone body is resilient. (AC +4)
You are immune to poison.
You resist negative energy. (rN+)
You are resistant to electric shocks. (rElec)
You are resistant to unholy torment.
You are immune to petrification.


   Skills:
 - Level 4.0 Fighting
 + Level 6.9 Ranged Weapons
 - Level 1.6 Armour
 - Level 1.5 Dodging
 - Level 1.1 Stealth


You had 5 spell levels left.
You didn't know any spells.
Your spell library was empty.

Inventory:

Hand Weapons
 Y - a +1 shortbow (weapon)
Armour
 e - a +0 pair of boots (worn)
 h - a +0 ring mail (worn)
Jewellery
 g - an amulet of reflection (around neck)
Scrolls
 j - a scroll of revelation {unknown}
Potions
 a - a potion of might {unknown}
 c - 3 potions of heal wounds
 d - a potion of magic {unknown}
 f - a potion of haste
 i - a potion of curing {unknown}

Dungeon Overview and Level Annotations

Branches:
Dungeon (4/15)
 Temple: D:4-7

Altars:
Xom

Shops:
D:3 !


Message History

You shoot an arrow. The arrow barely misses the orc priest.
You shoot an arrow.
The arrow closely misses the orc priest.
The orc priest calls down the wrath of Beogh upon you.
Pain shoots through your body!
You shoot an arrow. The arrow hits the orc priest.
The orc priest is almost dead.
An orc priest comes into view. It is wielding a +0 flail.
The orc priest barely misses you.
Enter note:
2635 |||
Found retreat position at 7,1 (open_door) with 0 blocking monsters and 1 monsters attacking at destination at distance 7
Enter note:
2635 ||| Stepping ~*~*~tactically~*~*~ (retreating).
You shoot an arrow. The arrow barely misses the orc priest.
The orc priest hits you but does no damage.
You shoot an arrow. The arrow hits the orc priest.
You kill the orc priest!
You shoot an arrow. The arrow hits the orc priest.
The orc priest is lightly wounded.
The orc priest invokes the aid of Beogh against you.
Beogh smites you!
You shoot an arrow. The arrow hits the orc priest!
The orc priest is severely wounded.
2640 ||| FLEEEEING.
You shoot an arrow. The arrow hits the ogre!
The ogre is moderately wounded.
The ogre misses you.
You shoot an arrow. The arrow hits the orc priest.
The orc priest is almost dead.
The orc priest hits you but does no damage.
You shoot an arrow.
The arrow hits the orc priest but does no damage.
The orc priest is almost dead.
The ogre hits you with a +0 giant club!
The orc priest hits you with a +0 flail.
2644 ||| READING scroll of teleportation.
As you read the scroll of teleportation, it crumbles to dust.
You feel strangely unstable. The ogre hits you with a +0 giant club!
You die...

#. ........ #. #........
#. #........ ###.
#......## #...## .......#
#....# ........ #..))##
#####+#..#.) '
#...)o######..)#.#..#..
..o...##O@....'...#.#.....
..... ###...##...#.#..#.#
..O. #.#..#...#....#.# ...
####.###.)..#.#.# ..
#..##)#....... .
#)#..######.#
#.>.........#
##.########## #.#


You could see an ogre and an orc priest.

Vanquished Creatures
  2 hounds
  An orc priest (D:4)
  4 orc wizards
  3 gnolls (D:3)
  5 adders
  3 worms
  2 dart slugs
  14 orcs
  2 ball pythons
  6 bats
  5 endoplasms
  4 giant cockroaches (D:2)
  7 goblins
  8 hobgoblins
  10 jackals
  4 kobolds
  5 quokkas
  4 frilled lizards
  4 rats
93 creatures vanquished.

Notes
Turn   | Place    | Note
-------+----------+-------------------------------------------
     0 | D:1      | qw the Gargoyle Hunter began the quest for the Orb.
     0 | D:1      | Reached XP level 1. HP: 12/12 MP: 1/1
     0 | D:1      | 0 ||| qw: Version: 0.3-a-76-g4403597
     0 | D:1      | 0 ||| qw: Game counter: 287
     0 | D:1      | 0 ||| qw: Melee chars always use a shield: true
     0 | D:1      | 0 ||| qw: God list: Okawaru
     0 | D:1      | 0 ||| qw: Allow faded altars: false
     0 | D:1      | 0 ||| qw: Do Orc after clearing Dungeon:15 true
     0 | D:1      | 0 ||| qw: Do second Lair branch before Depths: true
     0 | D:1      | 0 ||| qw: Lair rune preference: random
     0 | D:1      | 0 ||| qw: Goals: Normal
     0 | D:1      | 0 ||| PLANNING D:1-11
   226 | D:1      | Reached XP level 2. HP: 17/17 MP: 2/2
   434 | D:1      | Found a faded altar of an unknown god.
   499 | D:1      | Reached XP level 3. HP: 21/21 MP: 3/3
   661 | D:1      | 661 ||| UPGRADING to +0 pair of boots.
   666 | D:1      | 666 ||| READING scroll labelled MUJEJO HUMOZ.
   670 | D:1      | 670 ||| READING scroll labelled IPUQEA IMAUM.
   671 | D:1      | 671 ||| READING scroll labelled YFOIRI KUMPE.
   672 | D:1      | 672 ||| READING scroll labelled KIS AMUDDOPOPO.
   673 | D:1      | 673 ||| READING scroll labelled EROXEPHEJA.
   674 | D:1      | 674 ||| DROPPING scroll of butterflies.
   712 | D:2      | Reached skill level 5 in Ranged Weapons
   769 | D:2      | Reached skill level 3 in Fighting
   769 | D:2      | Reached XP level 4. HP: 19/28 MP: 4/4
  1526 | D:2      | 1526 ||| UPGRADING to amulet of reflection.
  1531 | D:2      | 1531 ||| READING scroll labelled KEATEE CYACKO.
  1532 | D:2      | 1532 ||| READING scroll labelled EVOIPN ATAU.
  1660 | D:3      | Found a shimmering altar of Xom.
  1757 | D:3      | 1757 ||| RETREATING.
  1759 | D:3      | 1759 ||| Stepping ~*~*~tactically~*~*~ (retreating).
  1770 | D:3      | Reached XP level 5. HP: 27/32 MP: 5/5
  1777 | D:3      | 1777 ||| FLEEEEING.
  1778 | D:3      | 1778 ||| FLEEEEING.
  1779 | D:3      | 1779 ||| FLEEEEING.
  1780 | D:3      | 1780 ||| FLEEEEING.
  1784 | D:3      | 1784 ||| STAIRDANCE
  1797 | D:2      | 1797 ||| UPGRADING to +0 ring mail.
  1807 | D:2      | 1807 ||| DROPPING +0 leather armour.
  1808 | D:2      | 1808 ||| DRINKING 2 ruby potions.
  1835 | D:3      | Reached skill level 1 in Armour
  1896 | D:3      | Found Jemiung's Distillery.
  1904 | D:3      | 1904 ||| BUYING potion of heal wounds (55 gold).
  1904 | D:3      | Bought a potion of heal wounds for 55 gold pieces
  1904 | D:3      | 1904 ||| BUYING potion of heal wounds (55 gold).
  1904 | D:3      | Bought a potion of heal wounds for 55 gold pieces
  1904 | D:3      | 1904 ||| BUYING potion of heal wounds (55 gold).
  1904 | D:3      | Bought a potion of heal wounds for 55 gold pieces
  1904 | D:3      | 1904 ||| SHOPLISTING potion of mutation (88 gold, have 6).
  1904 | D:3      | 1904 ||| SHOPLISTING potion of resistance (110 gold, have
                  | 6).
  2054 | D:3      | Reached skill level 6 in Ranged Weapons
  2322 | D:3      | Reached XP level 6. HP: 38/38 MP: 6/6
  2586 | D:4      | 2586 ||| Stepping ~*~*~tactically~*~*~ (outnumbered).
  2635 | D:4      | 2635 ||| Stepping ~*~*~tactically~*~*~ (retreating).
  2640 | D:4      | 2640 ||| FLEEEEING.
  2643 | D:4      | HP: 6/38 [orc priest/+0 flail (5)]
  2644 | D:4      | 2644 ||| READING scroll of teleportation.
  2644 | D:4      | Slain by an ogre

Levels and vault maps discovered:
D:1:      eino_arrival_tree_alley, layout_basic,
          ebering_ecumenical_altar_abandoned
D:2:      layout_loops_ring
D:3:      layout_loops_cross, mainiacjoe_overflow_small_starburst, serial_shops,
          nicolae_shop_tiny_statue_garden, grunt_decor_cap
D:4:      layout_basic, makhleb_heckhound_becter

Skill      XL: |  1  2  3  4  5  6 |
---------------+-------------------+-----
Ranged Weapons | 5 6 |  6.9
Fighting       | 3 4 |  4.0
Armour         | 1 |  1.6
Dodging        | |  1.5
Stealth        | |  1.1

Action                     |  1- 3 |  4- 6 || total
---------------------------+-------+-------++-------
   Fire: Shortbow          |    89 |   236 ||   325
    Use: Scroll            |     5 |     3 ||     8
         Potion            |       |     1 ||     1
 Armour: Leather armour    |    37 |    32 ||    69
         Ring mail         |       |    54 ||    54
  Dodge: Dodged            |    48 |    79 ||   127
  Block: Other             |       |    28 ||    28

Table legend:
 A = Non-vault XP
 B = Vault XP
 C = Vault XP percentage of total XP
 D = Non-vault monster count
 E = Vault monster count
 F = Vault count percentage of total count
                 A         B        C        D         E       F
            +---------+---------+-------+---------+---------+-------
      Total |     545 |       0 |   0.0 |      93 |       0 |   0.0
            +---------+---------+-------+---------+---------+-------
        D:1 |      36 |       0 |   0.0 |      20 |       0 |   0.0
        D:2 |     103 |       0 |   0.0 |      28 |       0 |   0.0
        D:3 |     182 |       0 |   0.0 |      22 |       0 |   0.0
        D:4 |     224 |       0 |   0.0 |      23 |       0 |   0.0
            +---------+---------+-------+---------+---------+-------
